 Dungeon Crawl Stone Soup version 0.29.1-15-g9cfb28693d (webtiles) character file.

Game seed: 1181763975957260324

160 protoss039 the Digger (level 5, -9/39 HPs)
             Began as a Demonspawn Earth Elementalist on Mar 24, 2023.
             Killed by divine providence
             ... invoked by an orc priest
              (13 damage)
             ... on level 3 of the Dungeon.
             The game lasted 00:03:20 (2870 turns).

protoss039 the Digger (DsEE)                        Turns: 2870, Time: 00:03:20

Health: -9/39      AC:  5    Str:  9    XL:     5   Next: 17%
Magic:  6/9        EV: 14    Int: 18    God:
Gold:   120        SH:  4    Dex: 13    Spells: 7/10 levels left

rFire   . . .      SeeInvis .   t - +4 hand axe (freeze)
rCold   . . .      Faith    .   (no shield)
rNeg    . . .      Spirit   .   g - +0 ring mail
rPois   .          Reflect  .   (no helmet)
rElec   .          Harm     .   (no cloak)
rCorr   .          Rampage  .   (no gloves)
Will    .....                   (no boots)
Stlth   +.........              (no amulet)
HPRegen 0.13/turn               h - +4 ring of evasion
MPRegen 0.11/turn               m - ring of wizardry

@: no status effects
A: large bone plates 1
a: no special abilities


You were on level 3 of the Dungeon.
You visited 1 branch of the dungeon, and saw 3 of its levels.

You collected 120 gold pieces.

Inventory:

Hand Weapons
 t - a +4 hand axe of freezing (weapon)
Armour
 g - a +0 ring mail (worn)
Jewellery
 h - a +4 ring of evasion (left hand)
 m - a ring of wizardry (right hand)
 p - a ring of willpower
Scrolls
 a - a scroll of blinking {unknown}
 c - a scroll of amnesia {unknown}
 f - a scroll of fear {unknown}
 i - a scroll of enchant weapon {unknown}
 k - a scroll of magic mapping {unknown}
 l - 4 scrolls of fog {unknown}
 s - 2 scrolls of identify {unknown}
Potions
 b - a potion of magic
 e - 2 potions of cancellation {unknown}
 j - a potion of mutation {unknown}
 n - a potion of flight {unknown}
 o - a potion of curing {unknown}
 q - a potion of haste {unknown}
 r - a potion of resistance {unknown}


   Skills:
 + Level 2.6 Fighting
 - Level 1.7 Dodging
 - Level 1.7 Stealth
 + Level 3.3 Spellcasting
 - Level 0.8 Transmutations
 + Level 3.7 Earth Magic


You had 7 spell levels left.
You knew the following spells:

 Your Spells              Type           Power      Damage    Failure   Level
a - Sandblast             Erth           32%        2d9       4%          1
b - Passwall              Tmut/Erth      9%         N/A       11%         2

Your spell library contained the following spells:

 Spells                   Type           Power      Damage    Failure   Level
 Apportation              Tloc           4%         N/A       17%         1
 Stone Arrow              Conj/Erth      18%        3d8       24%         3
 Ensorcelled Hibernation  Hex/Ice        4%         N/A       26%         2
 Sublimation of Blood     Necr           2%         N/A       26%         2
 Spider Form              Tmut/Pois      4%         N/A       38%         3
 Ignite Poison            Fire/Tmut/Pois 3%         N/A       41%         3
 Mephitic Cloud           Conj/Pois/Air  2%         N/A       45%         3
 Petrify                  Tmut/Erth      11%        N/A       52%         4
 Anguish                  Hex/Necr       1%         N/A       85%         4
 Alistair's Intoxication  Tmut/Pois      2%         N/A       98%         5
 Irradiate                Conj/Tmut      2%         3d12      98%         5
 Freezing Cloud           Conj/Ice/Air   1%         6-21      99%         5


Dungeon Overview and Level Annotations

Branches:
Dungeon (3/15) Zot: 15078

Altars:


Innate Abilities, Weirdness & Mutations

You are partially covered in large bone plates. (SH +4)


Message History

Unknown command.
You are too injured to fight recklessly!
Unknown command.
You are too injured to fight recklessly!
Unknown command.
Casting: Sandblast (safe; 4% risk of failure)
Confirm with . or Enter, or press ? or * to list all spells.
Aiming: Sandblast (safe; 4% risk of failure)
Press: ? - help, Shift-Dir - straight line, f - orc priest
Aim: an orc priest, wielding a +0 mace and wearing a +0 ring mail (heavily wounded, 84% to hit)
The blast of sand hits the orc priest but does no damage.
The orc priest is heavily wounded.
The orc priest hits you with a +0 mace.
* * * LOW HITPOINT WARNING * * *
You block the orc priest's attack.
Unknown command.
Casting: Sandblast (safe; 4% risk of failure)
Confirm with . or Enter, or press ? or * to list all spells.
Aiming: Sandblast (safe; 4% risk of failure)
Press: ? - help, Shift-Dir - straight line, f/p - orc priest
Aim: an orc priest, wielding a +0 mace and wearing a +0 ring mail (heavily wounded, 84% to hit)
The blast of sand hits the orc priest but does no damage.
The orc priest is heavily wounded.
The orc priest hits you with a +0 mace.
* * * LOW HITPOINT WARNING * * *
Unknown command.
Casting: Sandblast (safe; 4% risk of failure)
Confirm with . or Enter, or press ? or * to list all spells.
Aiming: Sandblast (safe; 4% risk of failure)
Press: ? - help, Shift-Dir - straight line, f/p - orc priest
Aim: an orc priest, wielding a +0 mace and wearing a +0 ring mail (heavily wounded, 84% to hit)
The blast of sand hits the orc priest.
The orc priest is almost dead.
The orc priest hits you but does no damage.
The orc hits you with a +0 hand axe.
* * * LOW HITPOINT WARNING * * *
The orc closely misses you.
The orc priest invokes the aid of Beogh against you.
Beogh smites you!
You die...

..#......###.# #..........
. #......# .#. #..#.#.....
#......###.#..#..#.#....#
##...#.#...#..........#.#
#...........##......####.#
#.......#................#
#.......#.......#.#†######
#.......#oo>......#.##...#
###.###.#@#..######.......
#. ..#o#............... #
...l..##########.#..
~≈..... #.... #≈~~~~~
#†##. #.≈..~≈~ ####.
#......~~ ######.
#..#####≈# #.......
#.#####.


You could see an iguana, an orc priest and 2 orcs.

Vanquished Creatures
  An orc priest (D:3)
  An orc wizard (D:3)
  3 adders
  A worm (D:2)
  2 dart slugs
  5 orcs (D:3)
  4 bats
  10 endoplasms
  A giant cockroach (D:2)
  3 goblins
  3 hobgoblins
  6 jackals (D:2)
  A quokka (D:1)
  10 ball pythons
  2 frilled lizards
  4 kobolds
  6 rats
63 creatures vanquished.

Notes
Turn   | Place    | Note
-------+----------+-------------------------------------------
     0 | D:1      | protoss039 the Demonspawn Earth Elementalist began the
                  | quest for the Orb.
     0 | D:1      | Reached XP level 1. HP: 13/13 MP: 3/3
   373 | D:1      | Gained mutation: You are partially covered in large bone
                  | plates. (SH +4) [demonic ancestry]
   373 | D:1      | Reached XP level 2. HP: 20/20 MP: 5/5
   656 | D:1      | Reached skill level 1 in Fighting
  1020 | D:1      | Learned a level 2 spell: Passwall
  1290 | D:2      | Reached XP level 3. HP: 25/26 MP: 3/6
  1993 | D:2      | Found a faded altar of an unknown god.
  2427 | D:3      | Reached XP level 4. HP: 25/33 MP: 2/8
  2766 | D:3      | Reached XP level 5. HP: 39/39 MP: 3/9
  2870 | D:3      | Killed from afar by an orc priest

Illustrated notes

Levels and vault maps discovered:
D:1:      dpeg_arrival_fog, layout_basic
D:2:      layout_loops_ring, hellmonk_ecumenical_altar_dog_temple,
          minmay_indecisive_spiral
D:3:      layout_basic, chequers_serial_rivers_small_a

Skill      XL: |  1  2  3  4 |
---------------+-------------+-----
Fighting       | 1 2 |  2.6
Earth Magic    | 3 |  3.7
Spellcasting   | 3 |  3.3
Dodging        | |  1.7
Stealth        | |  1.7
Transmutations | |  0.8

Action                   |  1- 3 |  4- 6 || total
-------------------------+-------+-------++-------
Melee: Short sword       |    40 |     6 ||    46
       Punch             |     1 |       ||     1
       Hand axe          |       |    11 ||    11
 Cast: Sandblast         |    66 |    24 ||    90
Armor: Ring mail         |    13 |    11 ||    24
Dodge: Dodged            |    55 |    23 ||    78
Block: Other             |    10 |     6 ||    16
